[Event "ESP-ch U2000 2024"]
[Site "Albacete"]
[Date "2024.08.28"]
[Round "3.1"]
[White "Tarraga Navarro, Pablo"]
[Black "Hernandez Gonzalez, Manuel"]
[Result "1-0"]
[ECO "B90"]
[WhiteElo "1968"]
[BlackElo "1910"]
[Annotator "TA"]
[PlyCount "45"]
[EventDate "2024.08.27"]
[EventType "swiss"]
[EventCountry "ESP"]
[SourceTitle "playchess.com"]
[Source "ChessBase"]
[SourceQuality "1"]
[TimeControl "5400+30"]

1. e4 c5 2. Nf3 d6 3. d4 cxd4 4. Nxd4 Nf6 5. Nc3 a6 6. Nb3 e5 7. Bg5 Be7 8. Bxf6 Bxf6 9. Qd3 Be6 10. O-O-O {[%emt 0:00:12] White is slightly better.} Be7 11. g3 Nd7 12. f4 Rc8 13. f5 Bc4 14. Qf3 Nf6 15. Bxc4 Rxc4 16. g4 h6 17. h4 b5 (17... Rxc3 $16 18. bxc3 (18. Qxc3 Nxg4 19. Rhg1 h5 $16) 18... Nd7) 18. g5 $18 Nd7 19. Kb1 ({Don't do} 19. f6 gxf6 20. Kb1 Qc8 $16) 19... b4 (19... hxg5 $142 20. hxg5 Rg8) 20. Nd5 Nb6 $2 {[%emt 0:01:53] [#]} (20... Rc8 21. Nxb4 Bf8) 21. Na5 {[%emt 0:03:22][%cal Bb3a5,Ba5c4,Bc4e5][%mdl 32] White is clearly winning.} Nxd5 22. Nxc4 Nf4 23. Nxe5 {[%emt 0:01:43] Weighted Error Value: White=0.00 (flawless) /Black=0.51.  Mistake:       	---       	Black=3      Inaccurate:     	---       	Black=2      OK:         	White=12    	Black=4      Best:        	White=1     	---} 1-0

[Event "ESP-ch U2000 2024"]
[Site "Albacete"]
[Date "2024.08.28"]
[Round "3.2"]
[White "Santos Dominguez, Iker"]
[Black "Sala Esquiva, Miguel"]
[Result "0-1"]
[ECO "C00"]
[WhiteElo "1900"]
[BlackElo "1967"]
[Annotator "RC"]
[PlyCount "142"]
[EventDate "2024.08.27"]
[EventType "swiss"]
[EventCountry "ESP"]
[SourceTitle "playchess.com"]
[Source "ChessBase"]
[SourceQuality "1"]
[TimeControl "5400+30"]

1. e4 e6 2. Qe2 c5 3. Nf3 Nc6 4. g3 g6 5. Bg2 Bg7 6. O-O d6 7. c3 Nge7 8. d3 O-O 9. Be3 e5 10. Rd1 f5 11. Bg5 h6 12. Bxe7 Qxe7 13. Na3 f4 14. Nc2 g5 15. h3 g4 16. hxg4 Bxg4 17. gxf4 Rxf4 18. Ne3 Raf8 19. Nd5 Qf7 20. Nxf4 Qxf4 21. Qe3 Bxf3 22. Qxf4 Rxf4 23. Bxf3 Rxf3 24. Kg2 Rf4 25. f3 Bf6 26. Kf2 Nd8 27. a3 Ne6 28. Ke2 Ng5 29. Rg1 Kf7 30. Rg4 Rxg4 31. fxg4 Ne6 32. Kf3 Kg6 33. Rh1 Nf4 34. d4 cxd4 35. cxd4 Nd3 36. d5 Nxb2 37. Rb1 Nc4 38. Rxb7 Nxa3 39. Rxa7 Nb5 40. Rb7 Nd4+ 41. Kg3 Bg5 42. Rd7 Nb5 43. Rb7 Bf4+ 44. Kh3 Nc3 45. Rb4 Be3 46. Kg3 Bc5 47. Rc4 Ne2+ 48. Kf3 Nd4+ 49. Kg3 Kg5 50. Ra4 Nb3 51. Ra2 Bb4 52. Kh3 Nc5 53. Re2 Kf4 54. Rf2+ Kxe4 55. Rb2 Bc3 56. Re2+ Kxd5 57. Kh4 Ne4 58. Rc2 Bd2 59. Kh3 Kd4 60. Kg2 d5 61. Kf3 Bf4 62. Ra2 Nd2+ 63. Ke2 e4 64. Ra6 Nc4 65. Rf6 Bg5 66. Rf5 Ne3 67. Rf8 Nxg4 68. Ra8 Ne5 69. Rh8 Nd3 70. Rh7 Nc1+ 71. Kd1 e3 0-1

[Event "ESP-ch U2000 2024"]
[Site "Albacete"]
[Date "2024.08.28"]
[Round "3.3"]
[White "Sanjuan Garcia, Miguel"]
[Black "Penarrubia Blasco, Jose Alfredo"]
[Result "1-0"]
[ECO "C53"]
[WhiteElo "1963"]
[BlackElo "1891"]
[Annotator "TA"]
[PlyCount "77"]
[EventDate "2024.08.27"]
[EventType "swiss"]
[EventCountry "ESP"]
[SourceTitle "playchess.com"]
[Source "ChessBase"]
[SourceQuality "1"]
[TimeControl "5400+30"]

1. e4 e5 2. Nf3 Nc6 3. Bc4 Bc5 4. c3 Qf6 5. d4 Bd6 (5... exd4 $142 6. e5 Nxe5) 6. O-O h6 7. Be3 Nge7 8. Nbd2 {[%emt 0:06:49] White is clearly better.} Ng6 9. dxe5 (9. Bb3 $18) 9... Ncxe5 10. Nxe5 Nxe5 11. Bd4 {[%emt 0:07:13] f4 would now be deadly.} g5 {[%emt 0:06:06] [#]} (11... Qe7 $16 {keeps fighting.}) 12. f4 gxf4 $16 13. g3 Rg8 14. Kh1 (14. Bb3 $1 $16) 14... Qg6 $14 ({But not} 14... Qg5 $2 15. Nf3 Nxf3 16. Qxf3 $18) 15. Bxe5 (15. Bb3 $16) 15... Bxe5 $11 16. Qe2 Qg4 {[%emt 0:09:18] [#]} (16... fxg3 $2 17. Bxf7+ Qxf7 18. Rxf7 g2+ 19. Kg1 Kxf7 20. Qh5+ Rg6 21. Qxe5 $18) (16... b5 $1 $11 17. Bb3 Bb7 (17... fxg3 $2 18. Bxf7+ Qxf7 19. Rxf7 $18)) 17. gxf4 $2 (17. Nf3 $1 $18 Rg5 18. Bxf7+ (18. Nxg5 Qxe2 19. Bxe2 hxg5 $16) 18... Ke7 19. Bc4) 17... Qxe2 $1 (17... Bxf4 18. Rg1 Qxe2 19. Rxg8+ Ke7 20. Bxe2 $18) 18. Bxe2 Bd6 19. Nc4 Be7 20. Ne3 d6 21. Rg1 Rxg1+ 22. Rxg1 Kf8 {[%emt 0:00:10] Dodges Rg8+} 23. Bg4 Ke8 {[%emt 0:09:18] Black is now going downhill.} (23... Bh4 $14 24. Rg2 Bf6) 24. Bxc8 $18 Rxc8 {[%emt 0:00:02][%mdl 4096] Endgame. [#] KRB-KRN} 25. Nf5 $1 Bf8 26. Rg8 {[%emt 0:01:25] White has more active pieces.} Kd7 27. Kg2 f6 (27... b5 $142 28. Kf3 a5) 28. Rh8 Ke6 29. Nxh6 d5 30. f5+ Ke5 31. Ng4+ Kd6 $2 (31... Kf4) 32. Nxf6 {[%emt 0:03:02] White is clearly winning.} dxe4 33. Nh7 Re8 34. Rxf8 Re7 35. Rf6+ Kd5 36. Ng5 Kc4 37. Re6 Rg7 38. Rxe4+ Kd3 39. h4 {[%emt 0:00:33] Weighted Error Value: White=0.38/Black=0.38.  Loses game:     	---       	Black=1      Mistake:       	White=5     	Black=4      Inaccurate:     	White=1     	Black=2      OK:         	White=10    	Black=6      Best:        	White=2     	Black=2      Strong:       	---       	Black=1} 1-0

[Event "ESP-ch U2000 2024"]
[Site "Albacete"]
[Date "2024.08.28"]
[Round "3.4"]
[White "Salazar Romero, Abel"]
[Black "Garcia Almeida, Aitana Maria"]
[Result "1-0"]
[ECO "A80"]
[WhiteElo "1937"]
[BlackElo "1878"]
[Annotator "TA"]
[PlyCount "79"]
[EventDate "2024.08.27"]
[EventType "swiss"]
[EventCountry "ESP"]
[SourceTitle "playchess.com"]
[Source "ChessBase"]
[SourceQuality "1"]
[TimeControl "5400+30"]

1. d4 f5 2. Bg5 Nf6 3. Bxf6 exf6 4. e3 d5 5. Bd3 g6 6. Ne2 Nc6 7. a3 Bh6 8. b4 {[%emt 0:03:49] White is better.} Be6 9. Nbc3 O-O 10. h4 Qd7 11. g3 Rae8 12. Qb1 f4 13. gxf4 $16 (13. Nxf4 Bg4 $11) 13... Bg4 14. Qb3 (14. Kd2 {with more complications.} Kh8 15. Qg1 Bf3 16. Rh2) 14... Kh8 15. O-O-O (15. Nxd5 $2 Bf3 16. Nxc7 Qxc7 $17 (16... Bxh1 17. Nxe8 Rxe8 18. O-O-O $15)) 15... Bf3 16. Rhg1 Ne7 17. Rg3 Be4 {[#]} 18. Nxe4 $18 dxe4 19. Bxe4 Nf5 20. Bxf5 (20. Bxb7 Nxg3 21. Nxg3 (21. fxg3 c6 $16) 21... c6) 20... Qxf5 21. Qd3 {[%emt 0:01:42] Strongly threatening Qxf5.} Qd5 22. c4 Qh5 23. Rh3 g5 $2 (23... a5 {might work better.} 24. b5 c6) 24. Ng3 Qg4 25. Qf5 Qf3 26. Nh1 $2 (26. hxg5 Qxf2 27. Ne4 (27. gxh6 Qxe3+ 28. Kb2 a5 $18) 27... fxg5 28. Qxf8+ (28. Nxf2 Rxf5 29. Rxh6 Rxe3 $18) 28... Bxf8 29. Nxf2) 26... Qc6 (26... Qg2 $142 27. Rg3 Qc6) 27. hxg5 (27. fxg5 $6 Qxc4+ 28. Qc2 Qe6 $18 (28... Qxc2+ $2 29. Kxc2 fxg5 30. hxg5 $18)) 27... fxg5 28. Qd5 (28. Qb5 $18 {has better winning chances. Qxc6 is the strong threat.} Qf6 29. f5 (29. Qxb7 gxf4 30. e4 Qe6 $14) (29. fxg5 Bxg5 30. Kb2 b6 $18)) 28... Qa6 $16 {[%emt 0:06:07] [#]} 29. Kb2 $1 ({Resist} 29. fxg5 Qxa3+ 30. Kd2 Bxg5 $11) 29... gxf4 30. e4 {[%emt 0:00:30] White is more active.} Qg6 (30... Bg7 $16) 31. e5 ({And not} 31. Qxb7 Rxe4 32. Rhd3 (32. Qxa7 {gets mated.} Re2+ 33. Ka1 Qc2) 32... Re1 $11) (31. Qh5 $18 Re6 32. Qxg6 Rxg6 33. Rh5) 31... Bg7 32. Qxb7 ({White should play} 32. c5 $16) 32... Qf5 (32... Rd8 $11) 33. Qf3 {[%emt 0:00:35] Hoping for Qd3.} Rxe5 $2 (33... Rd8) 34. dxe5 $18 {[%emt 0:06:22] White is clearly winning.} Qxe5+ 35. Kb3 a5 36. Rb1 Rd8 37. Rh5 {[%emt 0:05:08][%cal Bh3h5,Bh5a5,Ba5a8][%mdl 32] Dodges Qf5} Qe8 38. Rxa5 Qg6 39. Rd1 Rf8 40. Ra8 {[%emt 0:00:18] Weighted Error Value: White=0.49/Black=0.54.  Loses game:     	---       	Black=1      Missed win:     	White=1     	---        Mistake:       	White=3     	Black=6      Inaccurate:     	White=2     	Black=2      OK:         	White=7     	Black=7      Best:        	White=1     	Black=1      Strong:       	White=1     	---} 1-0

[Event "ESP-ch U2000 2024"]
[Site "Albacete"]
[Date "2024.08.28"]
[Round "3.5"]
[White "Perez Travieso, Saul"]
[Black "Lopez Sanchez, Ivan"]
[Result "1-0"]
[ECO "D35"]
[WhiteElo "1933"]
[BlackElo "1725"]
[Annotator "TA"]
[PlyCount "71"]
[EventDate "2024.08.27"]
[EventType "swiss"]
[EventCountry "ESP"]
[SourceTitle "playchess.com"]
[Source "ChessBase"]
[SourceQuality "1"]
[TimeControl "5400+30"]

1. c4 e6 2. Nc3 d5 3. cxd5 exd5 4. d4 Nf6 5. Bg5 Nbd7 6. e3 Be7 7. Bd3 O-O 8. Nge2 b6 9. O-O Bb7 10. a4 c5 11. Rc1 c4 ({Better is} 11... h6 $11 12. Bh4 c4) 12. Bb1 {[%emt 0:00:12] White is slightly better.} Re8 13. Qc2 Nf8 (13... h6 $11 14. Bh4 a6) 14. f3 {[%emt 0:08:13] White is more active.} ({White should play} 14. b3 $14) 14... h6 $11 15. Bh4 Ng6 16. Bf2 Bf8 (16... Qd7 $1 $11) 17. Ng3 Bd6 18. Rce1 Bxg3 (18... Qd7 $11) 19. Bxg3 $16 {[%emt 0:01:13] Black is now going downhill.} a6 {[%emt 0:02:43][%cal Ba7a6,Ba6b5][%mdl 32] Inhibits Nb5.} 20. Qd2 Nf8 (20... Nh5 $14) 21. e4 $18 Qd7 22. e5 N6h7 23. f4 b5 (23... f5 {was necessary.} 24. Nd1 g6) 24. axb5 axb5 25. f5 {[%emt 0:02:55] aiming for f6.} Ba6 (25... b4 $142) 26. Bf4 {[%emt 0:08:21] Black is weak on the dark squares} Qa7 $2 {[%emt 0:08:51] [#]} (26... b4 27. Ne2 Rec8) 27. Rf3 f6 28. e6 (28. Nxd5 Ng5 29. Bxg5 hxg5) 28... Ng5 29. Rg3 (29. Bxg5 hxg5 30. Rfe3 (30. Nxd5 Rad8 $18) 30... Bb7 31. Nxb5 Qb6 $18) 29... Ngxe6 (29... Rad8 $142 30. Ne2 Bc8) 30. fxe6 Nxe6 31. Bxh6 g5 32. Nxd5 Nxd4 {[%emt 0:04:31] [#]} 33. Rxg5+ $1 {[%emt 0:00:12][%mdl 512] White mates.} fxg5 (33... Kh8 34. Bg7+) 34. Qxg5+ Kh8 35. Qf6+ Kg8 36. Qg6+ {Weighted Error Value: White=0.19 (very precise) /Black=0.67.  Mistake:       	White=1     	Black=9      Inaccurate:     	White=4     	---        OK:         	White=7     	Black=2} 1-0

[Event "ESP-ch U2000 2024"]
[Site "Albacete"]
[Date "2024.08.28"]
[Round "3.6"]
[White "Perez Pinazo, Jose Oscar"]
[Black "Marquez Leon, Juan Antonio"]
[Result "1/2-1/2"]
[ECO "B10"]
[WhiteElo "1688"]
[BlackElo "1916"]
[Annotator "TA"]
[PlyCount "96"]
[EventDate "2024.08.27"]
[EventType "swiss"]
[EventCountry "ESP"]
[SourceTitle "playchess.com"]
[Source "ChessBase"]
[SourceQuality "1"]
[TimeControl "5400+30"]

1. e4 c6 2. Nf3 d5 3. Nc3 dxe4 4. Nxe4 Nf6 5. Nxf6+ exf6 6. Bc4 Bd6 7. d4 Bg4 8. h3 Bh5 9. Be3 Nd7 10. c3 Nb6 11. Bd3 Nd5 12. Bd2 Qe7+ 13. Qe2 Bxf3 14. Qxe7+ Kxe7 15. gxf3 Bf4 16. O-O-O Rhe8 17. Rde1+ Kf8 18. Re4 Bxd2+ 19. Kxd2 g6 20. Rhe1 f5 21. Rxe8+ Rxe8 22. Rxe8+ (22. Rg1 $15) 22... Kxe8 $15 {[%emt 0:00:06][%mdl 4096] Endgame. KB-KN} 23. c4 Nf4 24. Bf1 Ke7 25. Ke3 g5 26. b4 (26. Bd3 $17 {might work better.}) 26... Kd6 27. a4 b6 (27... h6 $19 28. Kd2 h5 29. c5+ Kc7) 28. b5 $2 {[%emt 0:13:24][%mdl 8192] [#]} (28. Bd3 $17 {is a better chance.}) 28... c5 $19 29. d5 Ke5 30. Bd3 h6 31. Bf1 f6 32. Kd2 Kd4 33. Kc2 Ke5 $2 {[%emt 0:06:23] [#]} (33... h5 34. d6 Ke5) 34. Kd2 $1 Ng6 35. Ke3 f4+ 36. Kd2 Nh4 37. Be2 Nf5 38. Kc3 Nd4 39. Bd1 f5 (39... h5 $19 {Strongly threatening ...h4.} 40. Kb2 Nf5) 40. Kd2 Kf6 (40... h5 $1 $15) 41. Ke1 (41. h4 $11) 41... Kg7 (41... h5 $1 $15) 42. Kf1 (42. h4 $1 $11) 42... Kg6 (42... h5 $1 $15) 43. Ke1 (43. h4 $1 $11) 43... h5 $1 $15 44. Kf1 h4 (44... Kf6 $17) 45. Ke1 $11 {[%emt 0:01:40] The position is equal.} Kf6 46. Kd2 Ke5 47. Kc3 Kd6 48. Kd2 Ke5 {[%emt 0:00:10] Black had all chances to win.   Weighted Error Value: White=0.19 (very precise) /Black=0.31.  Loses game:     	White=1     	---        Mistake:       	White=5     	Black=7      Inaccurate:     	White=3     	Black=2      OK:         	White=15    	Black=14     Best:        	White=1     	Black=1      Strong:       	White=1     	Black=1} 1/2-1/2

[Event "ESP-ch U2000 2024"]
[Site "Albacete"]
[Date "2024.08.28"]
[Round "3.7"]
[White "Perez Gonzalez, Daniel"]
[Black "Bricio Garcia De La Torre, Jesus"]
[Result "1-0"]
[ECO "B92"]
[WhiteElo "1981"]
[BlackElo "1887"]
[Annotator "TA"]
[PlyCount "81"]
[EventDate "2024.08.27"]
[EventType "swiss"]
[EventCountry "ESP"]
[SourceTitle "playchess.com"]
[Source "ChessBase"]
[SourceQuality "1"]
[TimeControl "5400+30"]

1. e4 c5 2. Nf3 d6 3. d4 cxd4 4. Nxd4 Nf6 5. Nc3 a6 6. Be2 e5 7. Nb3 Be7 8. Be3 Be6 9. Nd5 Nxd5 10. exd5 Bf5 11. Qd2 Nd7 12. O-O Rc8 13. c4 O-O 14. Rac1 h6 {[%emt 0:05:26] The position is equal.} 15. Rfd1 Bg5 16. Bxg5 Qxg5 17. Qb4 Bh3 {[%emt 0:04:47] [#]} (17... Qg6 $11) 18. Bf1 $1 $16 Nc5 (18... Qg6 $16) 19. Nxc5 $18 dxc5 (19... Rxc5 $16 20. Qxb7 a5) 20. Qxb7 f5 21. Kh1 ({Much less strong is} 21. Qxa6 $6 f4 $18) 21... Bg4 22. f3 Bh5 23. Qxa6 (23. d6 $18 {[%cal Ob2b4] has better winning chances. Threatens to win with b4!} e4 24. b4 (24. Qxa6 exf3 25. Rc2 fxg2+ 26. Rxg2 Bf3 $16)) 23... e4 $16 24. Be2 (24. Rc3 $16) 24... Qe3 $1 $11 25. Re1 {[%emt 0:00:22] Black must now prevent Qa4.} Qf2 {[%emt 0:00:51] And now ...Rce8 would win.} 26. Qe6+ Kh8 {[%emt 0:00:02] Strongly threatening ...Rce8.} 27. Qe5 {[%emt 0:00:03] aiming for Qg3.} exf3 28. Bxf3 Bxf3 29. gxf3 Qxf3+ 30. Kg1 f4 31. Qe2 Qh3 32. Qg2 Qh4 33. Qf3 Rce8 34. Rxe8 Rxe8 {[%emt 0:00:01][%mdl 4096] Endgame. KQR-KQR} 35. Rf1 $36 {[%emt 0:00:01][%mdl 2048] White has the initiative.} Qf6 36. b3 g5 37. Kg2 Re3 $2 {[%emt 0:00:30][%mdl 8192] [#]} (37... Kg7 $11) 38. Qxe3 {[%emt 0:00:05] White mates.} f3+ 39. Rxf3 Qe7 40. Qxe7 g4 41. Rf8# {Weighted Error Value: White=0.19 (very precise) /Black=0.40.  Loses game:     	---       	Black=1      Mistake:       	White=2     	Black=3      Inaccurate:     	White=4     	Black=3      OK:         	White=12    	Black=6      Best:        	White=1     	Black=2      Strong:       	White=1     	Black=1} 1-0

[Event "ESP-ch U2000 2024"]
[Site "Albacete"]
[Date "2024.08.28"]
[Round "3.8"]
[White "Sierra Pena, Mario"]
[Black "Galindo Montoya, Diego"]
[Result "1/2-1/2"]
[ECO "D05"]
[WhiteElo "1971"]
[BlackElo "1878"]
[Annotator "TA"]
[PlyCount "101"]
[EventDate "2024.08.27"]
[EventType "swiss"]
[EventCountry "ESP"]
[SourceTitle "playchess.com"]
[Source "ChessBase"]
[SourceQuality "1"]
[TimeControl "5400+30"]

1. d4 d5 2. Nf3 Nf6 3. e3 c5 4. b3 e6 5. Bd3 Nc6 6. O-O Be7 7. Bb2 O-O 8. Nbd2 b6 9. Ne5 Bb7 10. f4 cxd4 11. Nxc6 Bxc6 12. Bxd4 Bc5 13. Nf3 Bxd4 14. Nxd4 Bd7 15. c4 {[%emt 0:00:51] [#]} e5 $2 16. fxe5 $18 Ng4 {[%emt 0:02:14] [#]} (16... dxc4 {is a better defense.} 17. Bxc4 b5 18. exf6 (18. Bxb5 Bxb5 19. Nxb5 Qxd1 $16) 18... bxc4 19. fxg7 (19. bxc4 gxf6 20. c5 Rc8 $18) 19... Re8) 17. Rf4 $2 (17. cxd5 Qg5 $16) (17. e6 $1 $18 Qg5 18. exd7 (18. Bxh7+ Kxh7 19. exd7 dxc4 $18)) 17... dxc4 {[%emt 0:06:40] [#]} 18. bxc4 {[%emt 0:01:05] White is more active.} (18. Be4 $1 $16 Nxe5 (18... Nxe3 $2 19. Qf3 $18) 19. Bxa8 Qxa8 20. bxc4) 18... Qg5 $11 (18... Nxe3 $2 {perishes.} 19. Qe2 Nxg2 20. Qxg2 $18) 19. Nf3 Qe7 20. Qc2 h6 21. Qc3 Rae8 22. Rd1 Nxe5 (22... Nxe3 23. Re1 $18) 23. Be2 (23. Qxe5 $11 {keeps the balance.} Qxe5 24. Nxe5 Rxe5 25. Bh7+ Kxh7 26. Rxd7) 23... Ng6 24. Rfd4 Bc6 (24... Qxe3+ 25. Qxe3 Rxe3 26. Rxd7 $15) 25. Kf2 Ne5 26. Rf4 Nxf3 (26... Qc7 $17 27. Nd4 Ng6) 27. gxf3 Qe5 (27... Rc8 {looks sharper.} 28. Bd3 Bd7 29. Be4 f5) 28. Qxe5 Rxe5 29. Rd6 Rc8 30. Rfd4 Kf8 31. f4 Ra5 32. Rd2 Be4 33. Bg4 f5 ({Of course not} 33... Rxc4 34. Rd8+ Ke7 35. R2d7+ Kf6 36. Rd6+ Ke7 37. R6d7+ Kf6 38. Rd6+ Ke7 39. R8d7+ Ke8 40. Rd8+ Ke7 $11) (33... Rc7 $15) 34. Bh5 Rac5 ({Not} 34... Rxc4 35. Rd8+ Ke7 36. Re8+ Kf6 37. Rd6#) 35. Rd7 {[%emt 0:01:06] Strongly threatening Rf7+.} R5c7 36. Rxc7 Rxc7 {[%emt 0:00:08][%mdl 4096] Endgame. KRB-KRB} 37. Rd4 Ke7 38. Bf3 Bxf3 39. Kxf3 $15 {[%emt 0:00:01] KR-KR} Ke6 40. e4 fxe4+ 41. Rxe4+ Kd6 42. Ke3 Rc5 43. Kd4 Rh5 44. Re2 Rh4 45. Ke3 Rh3+ 46. Ke4 Ke6 47. Rg2 Kf6 48. Rd2 Ke7 49. Rg2 {[%emt 0:00:23] The position is equal.} Kf6 50. Rd2 $1 Ke7 51. Rg2 {[%emt 0:00:02] Weighted Error Value: White=0.24 (precise) /Black=0.25 (precise) .  Loses game:     	---       	Black=1      Missed win:     	White=1     	---        Mistake:       	White=2     	Black=3      Inaccurate:     	White=4     	Black=3      OK:         	White=12    	Black=12     Best:        	White=4     	Black=1      Strong:       	White=1     	---} 1/2-1/2

[Event "ESP-ch U2000 2024"]
[Site "Albacete"]
[Date "2024.08.28"]
[Round "3.9"]
[White "Asensio Ramon, Ismael"]
[Black "Lopez Ruiz, Jarein"]
[Result "0-1"]
[ECO "D92"]
[WhiteElo "1891"]
[BlackElo "1970"]
[Annotator "TA"]
[PlyCount "73"]
[EventDate "2024.08.27"]
[EventType "swiss"]
[EventCountry "ESP"]
[SourceTitle "playchess.com"]
[Source "ChessBase"]
[SourceQuality "1"]
[TimeControl "5400+30"]

1. d4 Nf6 2. Nf3 g6 3. c4 Bg7 4. Nc3 d5 5. Bf4 O-O 6. g3 c5 7. dxc5 dxc4 (7... Qa5 $5) 8. Qa4 ({White should play} 8. Qxd8 $11 Rxd8 9. Bg2) 8... Nd5 $15 9. Be5 {[%emt 0:06:11] [#]} (9. Rc1 $15) 9... Bxe5 $1 $17 10. Nxe5 Nxc3 11. bxc3 Qd5 12. Nf3 Qxc5 13. Bg2 b5 14. Qd1 Bb7 15. O-O Qb6 {[%emt 0:16:32] Black is more active.} (15... Na6 $17 16. Qd2 Rfd8) 16. a4 Rd8 17. Qb1 a6 18. axb5 axb5 19. Rxa8 Bxa8 20. Nd4 Bxg2 21. Kxg2 b4 22. e3 $2 {[%emt 0:02:16][%mdl 8192] This move loses the game for White.} (22. Qe4 $17 {only move.}) 22... b3 {[%emt 0:02:51] [#] aiming for ...Qb7+.} 23. Qe4 Rd7 24. Nf3 Qc6 25. Qf4 Rd6 {[%emt 0:04:59] White is weak on the light squares} 26. Kg1 Nd7 27. Ng5 Nf6 {[%emt 0:07:39] Hoping for ...h6.} 28. e4 h6 29. Nxf7 Kxf7 30. e5 g5 31. Qc1 Rd3 32. exf6 Qxf6 33. Qa3 Rxc3 34. Qc5 b2 {[%emt 0:01:00] ( -> ...Rc1)} 35. Qd5+ Kg7 36. Qb7 Rc1 37. Qb4 {Weighted Error Value: White=0.85/Black=0.08 (flawless) .  Loses game:     	White=1     	---        Mistake:       	White=2     	Black=1      Inaccurate:     	White=3     	Black=1      OK:         	White=3     	Black=9      Best:        	White=2     	Black=3      Strong:       	---       	Black=1} 0-1

[Event "ESP-ch U2000 2024"]
[Site "Albacete"]
[Date "2024.08.29"]
[Round "4.1"]
[White "Sanjuan Garcia, Miguel"]
[Black "Tarraga Navarro, Pablo"]
[Result "0-1"]
[ECO "C11"]
[WhiteElo "1963"]
[BlackElo "1968"]
[Annotator "RC"]
[PlyCount "84"]
[EventDate "2024.08.27"]
[EventType "swiss"]
[EventCountry "ESP"]
[SourceTitle "playchess.com"]
[Source "ChessBase"]
[SourceQuality "1"]
[TimeControl "5400+30"]

1. e4 e6 2. Nf3 d5 3. Nc3 d4 4. Ne2 c5 5. b4 a6 6. bxc5 Bxc5 7. c3 dxc3 8. Nxc3 Nc6 9. Bb2 Bxf2+ 10. Kxf2 Qb6+ 11. Kg3 Qxb2 12. Bc4 Qb4 13. Qe2 Nf6 14. e5 Nd7 15. Rab1 Qa3 16. Rb3 Qe7 17. d4 Na5 18. Rbb1 b5 19. Bd3 Bb7 20. h4 Bxf3 21. Qxf3 O-O 22. Rbe1 f6 23. exf6 Nxf6 24. Kh3 Qd7 25. g3 e5+ 26. Bf5 Qxd4 27. Rd1 Qb6 28. Nd5 Nxd5 29. Qxd5+ Kh8 30. Qe4 Nc4 31. Bxh7 Qe6+ 32. Kg2 Qh6 33. Bg6 Ne3+ 34. Kh3 Nxd1 35. Rxd1 Rad8 36. Re1 Rd6 37. h5 Rdf6 38. Re2 Rd6 39. Kg2 Qg5 40. Kh3 Qc1 41. Rc2 Qf1+ 42. Kg4 Rd4 0-1

[Event "ESP-ch U2000 2024"]
[Site "Albacete"]
[Date "2024.08.29"]
[Round "4.2"]
[White "Sala Esquiva, Miguel"]
[Black "Salazar Romero, Abel"]
[Result "1-0"]
[ECO "B13"]
[WhiteElo "1967"]
[BlackElo "1937"]
[Annotator "RC"]
[PlyCount "63"]
[EventDate "2024.08.27"]
[EventType "swiss"]
[EventCountry "ESP"]
[SourceTitle "playchess.com"]
[Source "ChessBase"]
[SourceQuality "1"]
[TimeControl "5400+30"]

1. e4 c6 2. d4 d5 3. exd5 cxd5 4. Bd3 Nf6 5. h3 Nc6 6. c3 g6 7. Nf3 Bg7 8. O-O O-O 9. Re1 Qc7 10. Nbd2 Nh5 11. Nb3 e5 12. dxe5 Nxe5 13. Be2 Nf6 14. Kh1 Nc4 15. Nbd4 Ne4 16. Kg1 Bd7 17. Bxc4 Qxc4 18. Bf4 Rfe8 19. Qb3 b6 20. Re3 Nc5 21. Qc2 Rxe3 22. Bxe3 Re8 23. Nb3 Bf5 24. Qd2 a5 25. Bxc5 bxc5 26. Nxa5 Qb5 27. Nb3 Re2 28. Qxd5 Rxb2 29. c4 Qa4 30. Re1 Bf6 31. Qxc5 Qxa2 32. Re8+ 1-0

[Event "ESP-ch U2000 2024"]
[Site "Albacete"]
[Date "2024.08.29"]
[Round "4.3"]
[White "Perez Gonzalez, Daniel"]
[Black "Perez Travieso, Saul"]
[Result "1-0"]
[ECO "A45"]
[WhiteElo "1981"]
[BlackElo "1933"]
[Annotator "RC"]
[PlyCount "66"]
[EventDate "2024.08.27"]
[EventType "swiss"]
[EventCountry "ESP"]
[SourceTitle "playchess.com"]
[Source "ChessBase"]
[SourceQuality "1"]
[TimeControl "5400+30"]

1. d4 Nf6 2. Bf4 e6 3. e3 b6 4. Qf3 d5 5. Nc3 a6 6. g4 Bb7 7. O-O-O Bd6 8. g5 Ne4 9. Nxe4 dxe4 10. Qg3 Bxf4 11. Qxf4 Qd6 12. Qg4 Qd5 13. c4 Qa5 14. Kb1 b5 15. d5 exd5 16. cxd5 O-O 17. Qxe4 Nd7 18. Bd3 g6 19. Qd4 c5 20. dxc6 Bxc6 21. Be4 Bxe4+ 22. Qxe4 Nc5 23. Qe5 Rfd8 24. Ne2 Nd3 25. Qf6 Qb4 26. Nc1 Qe4 27. Ka1 Rd5 28. Ne2 Nb4 29. Qc3 Nc2+ 30. Kb1 Nxe3+ 31. Kc1 Rxd1+ 32. Rxd1 Nxd1 33. Kxd1 Rd8+ 1-0